 Dungeon Crawl Stone Soup version 0.23.2 (webtiles) character file.

Game seed: 15795101368340442228

80 Nedvokis the Skirmisher (level 4, -5/38 HPs)
             Began as a Centaur Fighter on Apr 10, 2019.
             Slain by Sigmund
             ... wielding a +0 scythe
              (10 damage)
             ... on level 3 of the Dungeon.
             The game lasted 00:06:38 (1611 turns).

Nedvokis the Skirmisher (Centaur Fighter)           Turns: 1611, Time: 00:06:39

Health: -5/38      AC:  6    Str: 20    XL:     4   Next: 18%
Magic:  4/4        EV:  5    Int:  7    God:
Gold:   103        SH:  0    Dex:  8    Spells: 3/3 levels left

rFire    . . .     SeeInvis .   a - +0 trident
rCold    . . .     Gourm    .   c - +0 shield
rNeg     . . .     Faith    .   b - +0 scale mail
rPois    .         Spirit   .   (no helmet)
rElec    .         Reflect  .   (no cloak)
rCorr    .         Harm     .   (no gloves)
MR       .....                  (no barding)
Stlth    ..........             (no amulet)
HPRegen  0.12/turn              (no ring)
MPRegen  0.09/turn              (no ring)

@: confused, very quick
A: large, hooves 3, deformed body, speed 2, tough skin 3
a: no special abilities


You were on level 3 of the Dungeon.
You were not hungry.

You visited 1 branch of the dungeon, and saw 3 of its levels.

You collected 103 gold pieces.

Inventory:

Hand Weapons
 a - a +0 trident (weapon)
 i - a +0 mace
Armour
 b - a +0 scale mail (worn)
 c - a +0 shield (worn)
Scrolls
 e - a scroll of identify {unknown}
 g - a scroll of amnesia {unknown}
 j - 2 scrolls of teleportation {unknown}
 k - a scroll of magic mapping {unknown}
Potions
 d - 2 potions of might
 l - a potion of heal wounds {unknown}
 m - a potion of cancellation {unknown}
Comestibles
 f - 3 rations
 h - a chunk of flesh


   Skills:
 + Level 3.3 Fighting
 + Level 2.3 Polearms
 + Level 2.7 Armour
 + Level 0.1 Dodging
 + Level 2.9 Shields


You had 3 spell levels left.
You didn't know any spells.
Your spell library was empty.

Dungeon Overview and Level Annotations

Branches:
Dungeon (3/15)

Altars:

Annotations:
D:2 Natasha
D:3 Sigmund


Innate Abilities, Weirdness & Mutations

You have hooves in place of feet.
Armour fits poorly on your strangely shaped body.
You cover ground very quickly.
You have extremely tough skin. (AC +3)


Message History

You butcher the hobgoblin corpse.
Something hits you.
Things that are here:
a +0 club; 2 chunks of flesh; a hobgoblin skeleton You hit something but do no damage.
You block something's attack.
You hit something but do no damage. Your kick misses something.
You miss something. You kick something.
You hear some strange, mumbled words.
A magic dart appears from out of thin air!
The magic dart hits you!
You hear some strange, mumbled words.
You are confused.
You bump into the rock wall.
Something hits you!
You hear some strange, mumbled words.
You are more confused.
You bump into the rock wall.
Something hits you!
* * * LOW HITPOINT WARNING * * *
Things that are here:
a +0 club; 2 chunks of flesh; a hobgoblin skeleton Something hits you!
You die...

#..###.####.........#
#..##...((....(.....#
.##..#.((.(............
.....÷................#
.#.......##...........#
.......#.##.#...#.#####
##..####.##.#...#.# #..
#.##.#...#.# ....
..##.#...@)# ##.#
####.......## ..
#######...### ##
........#.≈≈###≈#.
....##..##.≈≈..≈≈≈
.##.##..#†.#≈≈....
..).......[##...#≈
.##.#..####....≈≈≈
...... ..≈≈≈..


There were no monsters in sight!

Vanquished Creatures
  Jessica (D:3)
  A worker ant (D:3)
  An adder (D:3)
  3 dart slugs
  A ball python (D:3)
  A bat (D:1)
  A giant cockroach (D:3)
  A hobgoblin (D:3)
  2 kobolds
  A frilled lizard (D:3)
  4 goblins
  3 rats (D:3)
20 creatures vanquished.

Notes
Turn   | Place    | Note
-------+----------+-------------------------------------------
     0 | D:1      | Nedvokis the Centaur Fighter began the quest for the Orb.
     0 | D:1      | Reached XP level 1. HP: 19/19 MP: 1/1
   378 | D:1      | Reached XP level 2. HP: 26/26 MP: 2/2
  1013 | D:2      | Noticed Natasha
  1030 | D:2      | Noticed a crimson imp
  1148 | D:3      | Reached XP level 3. HP: 8/31 MP: 3/3
  1578 | D:3      | Noticed Jessica
  1579 | D:3      | Noticed Sigmund
  1585 | D:3      | Killed Jessica
  1585 | D:3      | Reached XP level 4. HP: 38/38 MP: 4/4
  1611 | D:3      | Slain by Sigmund

Skill      XL: |  1  2 |
---------------+-------+-----
Polearms       | 2 |  2.3
Fighting       | |  3.3
Armour         | |  2.7
Dodging        | |  0.1
Shields        | |  2.9

Action                   |  1- 3 |  4- 6 || total
-------------------------+-------+-------++-------
Melee: Trident           |    55 |     6 ||    61
       Kick              |     7 |     2 ||     9
  Eat: Chunk             |     1 |       ||     1
Armor: Scale mail        |    26 |     5 ||    31
Dodge: Dodged            |    14 |       ||    14
Block: Shield            |    17 |     2 ||    19
